 Dungeon Crawl Stone Soup version 0.30-a0-954-gcf5f444c16 (webtiles) character file.

Game seed: 14234063233868790966

21501 Ijustatesigmund the Thaumaturge (level 12, -5/66 HPs)
             Began as a Deep Elf Conjurer on Mar 22, 2023.
             Was a High Priest of Cheibriados.
             Slain by a sixfirhy (6 damage)
             ... on level 13 of the Dungeon on Mar 29, 2023.
             The game lasted 00:47:10 (19536 turns).

Ijustatesigmund the Thaumaturge (DECj)             Turns: 19536, Time: 00:47:10

Health: -5/66      AC: 12    Str: 16    XL:     12   Next: 54%
Magic:  27/32      EV: 15    Int: 41    God:    Cheibriados [*****.]
Gold:   820        SH:  0    Dex: 25    Spells: 23/39 levels left

rFire   . . .      SeeInvis .    c - +1 hand crossbow (elec)
rCold   . . .      Faith    .    (no shield)
rNeg    . . .      Spirit   .    a - +1 acid dragon scales
rPois   .          Reflect  .    (no helmet)
rElec   .          Rampage  .    N - scarf {repulsion}
rCorr   +                        l - +2 pair of gloves
Will    +....                    O - +0 pair of boots
Stlth   ++                       f - amulet of the acrobat
HPRegen 0.31/turn                (no ring)
MPRegen 0.23/turn                (no ring)

@: repel missiles, very slow
A: no striking features
a: Renounce Religion, Bend Time, Temporal Distortion, Slouch, Step From Time


You were on level 13 of the Dungeon.
You worshipped Cheibriados.
Cheibriados was extremely pleased with you.
You visited 2 branches of the dungeon, and saw 14 of its levels.
You also visited: Ossuary and Bailey.

You collected 820 gold pieces.

Inventory:

Hand Weapons
 c - a +1 hand crossbow of electrocution (weapon)
 F - a +0 rapier of protection
 M - a +2 hand axe of flaming
Armour
 a - +1 acid dragon scales (worn)
 e - a scarf of resistance
 l - a +2 pair of gloves (worn)
 C - a +3 leather armour
 H - +0 ice dragon scales
 N - a scarf of repulsion (worn)
 O - a +0 pair of boots (worn)
 P - a +1 troll leather armour {Snorg}
Magical Staves
 r - a staff of poison
Jewellery
 f - an amulet of the acrobat (around neck)
 y - an amulet of regeneration
 G - a ring of resist corrosion
 J - an amulet of magic regeneration
 K - a ring of ice
Wands
 p - a wand of paralysis (10)
 q - a wand of digging (7)
 u - a wand of polymorph (22)
 B - a wand of light (5)
 L - a wand of flame (12)
Scrolls
 d - 10 scrolls of teleportation
 g - 5 scrolls of poison
 i - 2 scrolls of amnesia
 k - 2 scrolls of fear
 x - 2 scrolls of magic mapping
 D - 5 scrolls of identify
 E - 2 scrolls of blinking
Potions
 b - 4 potions of heal wounds
 h - 5 potions of curing
 j - 2 potions of mutation
 m - 3 potions of cancellation
 o - 2 potions of flight
 s - 3 potions of might
 t - 3 potions of attraction
 v - 2 potions of ambrosia
 w - 2 potions of brilliance
 z - 3 potions of resistance
 A - 3 potions of lignification
 Q - a potion of magic
Miscellaneous
 n - a condenser vane (inert)
 I - a phantom mirror (inert)


   Skills:
 - Level 4.2 Fighting
 - Level 8.4 Ranged Weapons
 - Level 4.0 Armour
 - Level 4.9 Dodging
 - Level 2.4 Stealth
 + Level 14.0 Spellcasting
 - Level 11.7 Conjurations
 - Level 6.0 Translocations
 + Level 4.1 Transmutations
 + Level 9.7 Invocations
 - Level 2.5 Evocations


You had 23 spell levels left.
You knew the following spells:

 Your Spells              Type           Power      Damage    Failure   Level
a - Magic Dart            Conj           100%       1d8       0%          1
b - Searing Ray           Conj           100%       2d8       1%          2
c - Iskenderun's Mystic   Conj/Tloc      79%        2d16      1%          4
d - Sticky Flame          Conj/Fire      67%        2d8       1%          4
e - Irradiate             Conj/Tmut      38%        3d24      1%          5

Your spell library contained the following spells:

 Spells                   Type           Power      Damage    Failure   Level
 Necrotise                Necr           100%       1d9       1%          1
 Summon Small Mammal      Summ           100%       N/A       1%          1
 Dazzling Flash           Conj/Hex       100%       N/A       1%          3
 Portal Projectile        Hex/Tloc       100%       N/A       1%          3
 Stone Arrow              Conj/Erth      100%       3d13      1%          3
 Vhi's Electric Charge    Tloc/Air       100%       N/A       1%          3
 Fulminant Prism          Conj/Hex       33%        3d16      1%          4
 Sublimation of Blood     Necr           28%        N/A       2%          2
 Ignite Poison            Fire/Tmut/Pois 40%        N/A       2%          3
 Arcjolt                  Conj/Air       33%        1d43      3%          5
 Call Canine Familiar     Summ           28%        N/A       4%          3
 Inner Flame              Hex/Fire       28%        N/A       4%          3
 Summon Guardian Golem    Hex/Summ       28%        N/A       4%          3
 Tukima's Dance           Hex            28%        N/A       4%          3
 Vampiric Draining        Necr           28%        2d8       4%          3
 Petrify                  Tmut/Erth      45%        N/A       6%          4
 Blade Hands              Tmut           29%        N/A       7%          5
 Animate Armour           Summ/Erth      56%        N/A       14%         4
 Cause Fear               Hex            14%        N/A       14%         4
 Agony                    Necr           28%        N/A       36%         5
 Discord                  Hex            14%        N/A       100%        8
 Ignition                 Fire           14%        3d6       100%        8
 Lehudib's Crystal Spear  Conj/Erth      33%        10d9      100%        8
 Maxwell's Capacitive Co  Air            14%        ∞         100%        8


Dungeon Overview and Level Annotations

Branches:
Dungeon (13/15)            Temple (1/1) D:6            Lair (0/5) D:11
    Orc (0/2) D:10        Ossuary (visited)          Bailey (visited)
 Vaults: D:13-14

Altars:
Ashenzari
Cheibriados
Dithmenos
Elyvilon
Fedhas
Gozag
Hepliaklqana
Kikubaaqudgha
Makhleb
Nemelex Xobeh
Okawaru
Qazlal
Ru
Sif Muna
Trog
Uskayaw
Vehumet
Wu Jian
Xom
Yredelemnul
Zin
The Shining One

Shops:
D:3 =

Annotations:
D:5 2 transporters, 112233's ghost, novice OpAE


Message History

Fire: c) +1 hand crossbow (elec)
Press: ? - help, Q - select action, (/) - cycle Shift-Dir - straight line, f/p - ynoxinul
Aim: a ynoxinul (moderately wounded, 71% to hit)
You shoot a bolt. The bolt hits the red devil!!
The red devil is heavily wounded.
The red devil misses you.
Casting: Irradiate (dangerous; 1% risk of failure)
Confirm with . or Enter, or press ? or * to list all spells.
You erupt in a blast of force!
The mystic blast hits the red devil!
You kill the red devil!
Cheibriados thoroughly appreciates the change of pace.
Cheibriados raises the support of your attributes as your movement slows.
The mystic blast hits the smoke demon!!
The smoke demon is heavily wounded.
The smoke demon is knocked back by the mystic blast.
The mystic blast hits the sixfirhy!
The sixfirhy is moderately wounded.
The sixfirhy is knocked back by the mystic blast.
The smoke demon gestures at you. The ball of steam hits you!
Your Spellcasting skill increases to level 14!
You are engulfed in a cloud of scalding steam.
The ynoxinul gestures.
The ufetubus completely misses you. x2
You are engulfed in a cloud of scalding steam.
The sixfirhy hits you. The sixfirhy shocks you!
* * * LOW HITPOINT WARNING * * *
The sixfirhy hits you.
* * * LOW HITPOINT WARNING * * *
The sixfirhy shocks you!
* * * LOW HITPOINT WARNING * * *
The ufetubus closely misses you.
The ufetubus hits you but does no damage.
The sixfirhy misses you. The ufetubus hits you.
* * * LOW HITPOINT WARNING * * *
The ufetubus hits you but does no damage.
The ufetubus closely misses you.
The ufetubus hits you but does no damage.
The sixfirhy hits you.
You die...

***,,,,,,,,,,,,,,,,,,,,***
*,,,,,,,,,***..........#,*
*,,,,,,,,,**,#..........,**
**,,,,,,,,,,,...........,,**
*,,,,,,,,*,**,.........$,,,*
,,,,,,,,,****##.......##,,***
**,,,,,,,.####..§§......,,*,**
***,,,,,,.......§§......,,,,,*
***,,,,,,,,,##..@.§....#,,,,,*
,**,,,,,<***#..5355....#,,,,,*
**,,,,,,,,**##..3.......,,,,**
**,,,,,,,,,**##535......,,***
,,,,,,,,,,,,,*#.5..$..##,,,*
,,,,,,,,,,,,,*#......#..,,,*
,,*,,,,,,,,,,,......##*.,,,*
,,*,,,,,,,,,,,....###**,,,,*
,**,,,,,,,,,,.....#,,*,*,,,****


You could see a sixfirhy, a smoke demon, a ynoxinul and 6 ufetubi.

Vanquished Creatures
  Snorg (D:12)
  2 vault guards (Bailey)
  A two-headed ogre (D:11)
  Erica (D:10)
  3 boulder beetles
  A centaur warrior (D:11)
  The ghost of gyole the Skirmisher, a journeyman SpHu of Gozag (D:12)
  2 deep elf pyromancers
  An ugly thing (D:12)
  A manticore (D:11)
  3 cyclopes (D:11)
  A gargoyle (D:12)
  Maggie (D:6)
  An efreet (D:11)
  A kobold demonologist (D:12)
  A komodo dragon (D:11)
  An unseen horror (D:11)
  A red devil (D:13)
  A troll (D:12)
  A hellwing (D:12)
  A hornet (D:10)
  Prince Ribbit (Bailey)
  A shadow (D:11)
  3 wraiths
  5 humans (Bailey)
  A wyvern (D:9)
  26 yaks
  A steam dragon (D:6)
  An acid dragon (D:9)
  A water moccasin (D:9)
  Duvessa (D:4)
  3 ice beasts
  A sky beast (D:7)
  3 orc warriors
  A black bear (D:5)
  3 ogres
  4 centaurs
  3 kobold brigands
  15 bullfrogs
  7 scorpions
  5 wights (D:7)
  Dowan (D:4)
  6 killer bees (D:8)
  2 vampire bats (D:3)
  2 electric eels (D:8)
  4 howler monkeys
  2 hounds
  2 jellies
  3 orc priests
  2 sleepcaps
  Natasha (twice) (D:3)
  3 iguanas
  10 orc wizards
  3 mummies (Ossuary)
  7 gnolls
  12 adders
  2 shadow imps
  A white imp (D:5)
  3 worms
  2 dart slugs
  41 orcs
  A bat skeleton (D:3)
  3 bat zombies (D:3)
  8 endoplasms
  6 giant cockroaches
  7 goblins
  7 hobgoblins
  8 jackals (D:1)
  2 quokkas
  11 ball pythons
  5 bats
  2 frilled lizards
  3 goblin zombies (Ossuary)
  4 hobgoblin zombies (Ossuary)
  14 kobolds
  A kobold zombie (Ossuary)
  13 rats
318 creatures vanquished.

Vanquished Creatures (others)
  3 plants (D:11)
3 creatures vanquished.

Grand Total: 321 creatures vanquished

Notes
Turn   | Place    | Note
-------+----------+-------------------------------------------
     0 | D:1      | Ijustatesigmund the Deep Elf Conjurer began the quest for
                  | the Orb.
     0 | D:1      | Reached XP level 1. HP: 10/10 MP: 6/6
   110 | D:1      | Reached XP level 2. HP: 15/15 MP: 4/8
   113 | D:1      | Learned a level 2 spell: Searing Ray
   487 | D:1      | Reached skill level 4 in Spellcasting
   547 | D:1      | Reached skill level 5 in Conjurations
   563 | D:1      | Reached XP level 3. HP: 19/19 MP: 7/10
   780 | D:1      | Found a faded altar of an unknown god.
  1581 | D:2      | Reached XP level 4. HP: 24/24 MP: 8/12
  1762 | D:2      | Reached skill level 5 in Spellcasting
  2008 | D:2      | Learned a level 4 spell: Iskenderun's Mystic Blast
  2093 | D:2      | Reached XP level 5. HP: 28/28 MP: 10/14
  2178 | D:2      | Reached skill level 1 in Translocations
  2761 | D:3      | Found Rifruem's Jewellery Shop.
  2912 | D:3      | Noticed Natasha
  2917 | D:3      | Killed Natasha
  2918 | D:3      | Reached XP level 6. HP: 23/32 MP: 10/16
  3024 | D:3      | Noticed Natasha
  3036 | D:3      | Killed Natasha
  3182 | D:3      | Found a burning altar of Makhleb.
  3506 | D:3      | Found an ancient bone altar of Kikubaaqudgha.
  3850 | D:4      | Reached skill level 5 in Translocations
  4063 | D:4      | Reached XP level 7. HP: 36/36 MP: 9/17
  4499 | D:4      | Found an iron altar of Okawaru.
  4880 | D:4      | Reached skill level 6 in Spellcasting
  5008 | D:4      | Noticed Dowan
  5172 | D:4      | Noticed Duvessa
  5176 | D:4      | Killed Dowan
  5177 | D:4      | Killed Duvessa
  5178 | D:4      | Reached skill level 7 in Spellcasting
  5598 | D:5      | Entered Level 5 of the Dungeon
  5627 | D:5      | Reached XP level 8. HP: 41/41 MP: 5/21
  6138 | D:5      | Reached skill level 8 in Spellcasting
  6179 | D:5      | Found a sand-covered staircase.
  6188 | Ossuary  | Entered an ossuary
  6241 | Ossuary  | Reached skill level 1 in Fighting
  6241 | Ossuary  | Reached skill level 1 in Evocations
  6950 | D:5      | Found a transporter.
  6957 | D:5      | Noticed 112233's ghost (novice OpAE)
  7235 | D:5      | Found a radiant altar of Vehumet.
  7322 | D:5      | Reached skill level 1 in Ranged Weapons
  7374 | D:5      | Found a transporter.
  8408 | D:6      | Noticed Maggie
  8436 | D:6      | Killed Maggie
  8437 | D:6      | Reached XP level 9. HP: 40/49 MP: 0/23
  8714 | D:6      | Found a staircase to the Ecumenical Temple.
  8725 | Temple   | Entered the Ecumenical Temple
  8894 | Temple   | Became a worshipper of Cheibriados the Contemplative
  8973 | D:6      | Reached skill level 1 in Armour
  9311 | D:6      | Found a faded altar of an unknown god.
  9311 | D:6      | Found a sparkling altar of Nemelex Xobeh.
  9318 | D:6      | Found a glowing golden altar of the Shining One.
  9320 | D:6      | Found a sacrificial altar of Ru.
  9322 | D:6      | Found a white marble altar of Elyvilon.
 10325 | D:7      | Reached * piety under Cheibriados
 10609 | D:7      | Reached skill level 1 in Invocations
 10838 | D:7      | Found a glowing silver altar of Zin.
 10839 | D:7      | Noticed an angel
 11294 | D:8      | Reached skill level 9 in Spellcasting
 11577 | D:8      | Reached XP level 10. HP: 47/55 MP: 14/25
 11709 | D:8      | Found an opulent altar of Gozag.
 11962 | D:8      | Reached ** piety under Cheibriados
 12343 | D:8      | Reached skill level 10 in Spellcasting
 12891 | D:9      | Reached skill level 5 in Ranged Weapons
 12891 | D:9      | Reached skill level 5 in Invocations
 13250 | D:9      | Identified a scroll of acquirement
 13250 | D:9      | Acquired a +0 hand crossbow of draining
 13616 | D:9      | Found a broken altar of Ashenzari.
 13942 | D:9      | Reached skill level 10 in Conjurations
 14053 | D:9      | Reached skill level 11 in Spellcasting
 14232 | D:10     | Entered Level 10 of the Dungeon
 14293 | D:10     | Reached XP level 11. HP: 52/59 MP: 13/28
 14293 | D:10     | Reached *** piety under Cheibriados
 14308 | D:10     | Acquired an Everburning Encyclopedia
 14339 | D:10     | Found a flagged portal.
 14349 | Bailey   | Entered a bailey
 14609 | Bailey   | Noticed Prince Ribbit
 14613 | Bailey   | Killed Prince Ribbit
 14613 | Bailey   | Reached **** piety under Cheibriados
 14893 | Bailey   | Noticed a vault guard
 14916 | Bailey   | Killed a vault guard
 15176 | Bailey   | Noticed a vault guard
 15187 | Bailey   | Killed a vault guard
 15188 | Bailey   | Reached skill level 12 in Spellcasting
 15365 | D:10     | Found a staircase to the Orcish Mines.
 15740 | D:10     | Noticed Erica
 15753 | D:10     | Killed Erica
 16504 | D:11     | Noticed a boulder beetle
 16519 | D:11     | Killed a boulder beetle
 16814 | D:11     | Noticed a deep elf pyromancer
 16818 | D:11     | Killed a deep elf pyromancer
 16872 | D:11     | Upgraded the game from 0.30-a0-923-g828ccac5a3 to
                  | 0.30-a0-954-gcf5f444c16
 16877 | D:11     | Learned a level 4 spell: Sticky Flame
 16932 | D:11     | Found a staircase to the Lair.
 17057 | D:11     | Reached XP level 12. HP: 44/66 MP: 30/30
 17140 | D:11     | Noticed a centaur warrior
 17142 | D:11     | Killed a centaur warrior
 17142 | D:11     | Reached ***** piety under Cheibriados
 17147 | D:11     | Noticed a two-headed ogre
 17160 | D:11     | Killed a two-headed ogre
 17161 | D:11     | Reached skill level 13 in Spellcasting
 17472 | D:11     | Learned a level 5 spell: Irradiate
 17751 | D:12     | Reached skill level 1 in Transmutations
 18047 | D:12     | Noticed gyole's ghost (journeyman SpHu)
 18055 | D:12     | Found a runed translucent door.
 18069 | D:12     | Noticed a boulder beetle
 18078 | D:12     | Killed a boulder beetle
 18591 | D:12     | Noticed Snorg
 18602 | D:12     | Killed Snorg
 18680 | D:12     | Noticed a boulder beetle
 18691 | D:12     | Killed a boulder beetle
 18838 | D:12     | Identified the +1 dagger "Leawahaff" {vamp, Int+4 SInv}
 19231 | D:12     | Killed gyole's ghost
 19255 | D:12     | Noticed a two-headed ogre
 19535 | D:13     | Reached skill level 14 in Spellcasting
 19536 | D:13     | HP: 3/66 [sixfirhy (11)]
 19536 | D:13     | HP: 1/66 [ufetubus[a ynoxinul] (2)]
 19536 | D:13     | Slain by a sixfirhy

Illustrated notes

Levels and vault maps discovered:
D:1:      zelgadis_glass_arrival_small, layout_loops_ring,
          hellmonk_ecumenical_altar_defaced_shrine
D:2:      layout_rooms, nicolae_eternal_life, minmay_snake_closets
D:3:      layout_basic, lightli_temple_of_fire, kennysheep_vampire_church,
          serial_shops, nicolae_shop_stone, uniq_natasha
D:4:      layout_loops_cross, okawaru_gym_becter, uniq_duvessa
D:5:      layout_loops_ring, mainiacjoe_overflow_24_doors,
          gammafunk_ghost_stat_death, lightli_ossuary_entry_decrepit_ruins,
          hex_large
D:6:      layout_rooms, chequers_temple_overflow_minitemple, temple_green,
          uniq_maggie
D:7:      layout_layer_cave, zin_angel, dreamdust_princess_bridge
D:8:      layout_basic, old_standard_altar, chequers_serial_rivers_room_b,
          hex_intersection, nicolae_straight_to_the_point
D:9:      layout_roguey, evilmike_ruin_ashenzari
D:10:     layout_rooms, orc_0_dummy, enter_bailey_2, roderic_lattice_a,
          uniq_erica
D:11:     kennysheep_blocky_room, layout_loops_ring, david_lair_shrubbed
D:12:     layout_stronghold, hellmonk_ghost_happy_afterlife, serial_park_tiny_1,
          uniq_snorg
D:13:     layout_cave_pools, serial_demonic, serial_demonic_e, serial_demonic_d,
          serial_demonic_d, serial_demonic_c, serial_shops, shop,
          gauntlet_entry_generic, hangedman_cracks_in_the_wall
Temple:   nicolae_temple_bog_church

Skill      XL: |  1  2  3  4  5  6  7  8  9 10 11 12 |
---------------+-------------------------------------+-----
Spellcasting   | 4 5 7 8 9 11 12 14 | 14.0
Conjurations   | 5 7 8 10 11 | 11.7
Translocations | 3 5 6 |  6.0
Fighting       | 2 3 4 |  4.2
Dodging        | 4 |  4.9
Evocations     | 2 |  2.5
Ranged Weapons | 3 6 8 |  8.4
Armour         | 4 |  4.0
Invocations    | 3 6 8 9 |  9.7
Transmutations | 4 |  4.1
Stealth        | |  2.4

Action                     |  1- 3 |  4- 6 |  7- 9 | 10-12 || total
---------------------------+-------+-------+-------+-------++-------
  Melee: Dagger            |     2 |       |       |       ||     2
         Hand crossbow     |       |       |       |     1 ||     1
   Fire: Sling             |    21 |    24 |    60 |       ||   105
         Arbalest          |       |       |    60 |    42 ||   102
         Hand crossbow     |       |       |       |   188 ||   188
   Cast: Magic Dart        |    60 |    61 |    69 |     1 ||   191
         Searing Ray       |     5 |    21 |    29 |     3 ||    58
         Iskenderun's Myst |       |       |    60 |   108 ||   168
         Sticky Flame      |       |       |       |     8 ||     8
         Irradiate         |       |       |       |     1 ||     1
  Evoke: Wand              |       |       |     2 |     6 ||     8
         Condenser vane    |       |       |       |     2 ||     2
         Phantom mirror    |       |       |       |     1 ||     1
    Use: Scroll            |       |    10 |     9 |    14 ||    33
         Potion            |       |       |     5 |     2 ||     7
 Armour: Robe              |     4 |     6 |     5 |       ||    15
         Acid dragon scale |       |       |     9 |    51 ||    60
  Dodge: Dodged            |     6 |    30 |    59 |   164 ||   259

Table legend: (Time is in decaauts)
 A = Elapsed time spent in this place.
 B = Non-inter-level travel time spent in this place.
 C = Inter-level travel time spent in this place.
 D = Time resting spent in this place.
 E = Time spent auto-exploring this place.
 F = Levels seen in this place.
 G = Mean time per level.
                   A        B        C        D        E       F      G
               +--------+--------+--------+--------+--------+-----+--------+
         Total |  22579 |  22010 |    569 |   7292 |  12153 |  16 | 1411.2 |
       Dungeon |  20681 |  20145 |    536 |   6511 |  11434 |  13 | 1590.8 |
        Temple |    198 |    165 |     33 |      0 |    155 |   1 |  198.0 |
       Ossuary |    640 |    640 |      0 |    138 |    359 |   1 |  640.0 |
        Bailey |   1059 |   1059 |      0 |    643 |    204 |   1 | 1059.0 |
               +--------+--------+--------+--------+--------+-----+--------+

Top non-repeatable levels by time:
    D:12: 2453 daAuts
    D:11: 2103 daAuts
     D:7: 2098 daAuts
     D:8: 1988 daAuts
     D:4: 1768 daAuts
     D:9: 1709 daAuts
     D:6: 1681 daAuts
     D:3: 1565 daAuts
     D:5: 1452 daAuts
    D:10: 1448 daAuts
     D:2: 1352 daAuts
  Bailey: 1059 daAuts
     D:1: 1039 daAuts
 Ossuary: 640 daAuts
  Temple: 198 daAuts
